 Dungeon Crawl Stone Soup version 0.27-a0-1116-g91b3acb402 (webtiles) character file.

Game seed: 4034167996339522155

105245 wakim the Destroyer (level 15, -6/123 HPs)
             Began as a Demigod Conjurer on May 1, 2021.
             Mangled by a two-headed ogre
             ... wielding a +0 giant spiked club
              (14 damage)
             ... while paralysed by an ogre mage
             ... on level 2 of the Orcish Mines.
             The game lasted 01:57:48 (31738 turns).

wakim the Destroyer (Demigod Conjurer)             Turns: 31738, Time: 01:57:49

Health: -6/123     AC: 12    Str: 10    XL:     15   Next: 46%
Magic:  16/31      EV:  2    Int: 36    God:
Gold:   1794       SH:  0    Dex: 14    Spells: 5/30 levels left

rFire    + . .     SeeInvis .   a - +5 flail of a Thousand Knives {vorpal, rElec rF+ Will+}
rCold    + + .     Faith    .   O - +0 kite shield
rNeg     . . .     Spirit   .   s - +1 robe {Archmagi}
rPois    .         Reflect  .   B - +0 helmet
rElec    +         Harm     .   d - +0 cloak
rCorr    .         Rampage  .   h - +0 pair of gloves {Stlth+}
Will     ++...                  q - +0 pair of boots
Stlth    ++++......             c - amulet of regeneration
HPRegen  1.30/turn              e - +4 ring of protection
MPRegen  0.22/turn              S - ring "Wepp" {rC++ EV+4 Str-2 Dex+2 Stlth+}

@: paralysed
A: high mp 1, forlorn
a: no special abilities


You were on level 2 of the Orcish Mines.
You visited 4 branches of the dungeon, and saw 22 of its levels.
You also visited: Gauntlet.

You collected 2034 gold pieces.
You spent 240 gold pieces at shops.

Inventory:

Hand Weapons
 a - the +5 flail of a Thousand Knives (weapon) {vorpal, rElec rF+ Will+}
   (You found it on level 5 of the Dungeon)

   It inflicts extra damage upon your enemies.
   It protects you from fire.
   It insulates you from electricity.
   It increases your willpower.
 P - the +8 falchion "Upsadd" {pain, rPois}
   (You found it on level 11 of the Dungeon)

   In the hands of one skilled in necromantic magic, it inflicts extra damage on
   living creatures.
   It protects you from poison.
Missiles
 g - 2 throwing nets {=f!f}
 n - 3 curare-tipped darts {=f}
 o - 8 atropa-tipped darts
Armour
 d - a +0 cloak (worn)
 h - a +0 pair of gloves of stealth (worn)
 p - the +1 robe of Gluttony {SInv}
   (You found it on level 3 of the Lair of Beasts)

   It lets you see invisible.
 q - a +0 pair of boots (worn)
 s - a +1 robe of the Archmagi (worn)
 B - a +0 helmet (worn)
 O - a +0 kite shield (worn)
Magical Staves
 b - a staff of fire
Jewellery
 c - an amulet of regeneration (around neck)
 e - a +4 ring of protection (left hand)
 j - a ring of poison resistance
 l - a ring of willpower
 z - a ring of magical power
 F - the ring "Isutae" {rElec Str+3 Int-4 Dex+6 Slay+5}
   (You found it in a Gauntlet)

   [ring of dexterity]

   It affects your strength (+3).
   It affects your intelligence (-4).
   It affects your dexterity (+6).
   It affects your accuracy and damage with ranged weapons and melee attacks
   (+5).
   It insulates you from electricity.
 M - an amulet of reflection
 S - the ring "Wepp" (right hand) {rC++ EV+4 Str-2 Dex+2 Stlth+}
   (You found it in a Gauntlet)

   [ring of evasion]

   It affects your evasion (+4).
   It affects your strength (-2).
   It affects your dexterity (+2).
   It greatly protects you from cold.
   It makes you more stealthy.
 V - a +4 ring of evasion
 W - a ring of positive energy
Wands
 i - a wand of iceblast (22)
 t - a wand of digging (15)
 u - a wand of mindburst (48)
 v - a wand of flame (135)
 w - a wand of acid (6)
 x - a wand of charming (2)
 y - a wand of paralysis (5)
Scrolls
 f - 4 scrolls of enchant weapon
 k - 2 scrolls of enchant armour
 m - 5 scrolls of brand weapon
 r - 7 scrolls of identify
 R - a scroll of magic mapping {!r}
 T - 5 scrolls of teleportation
 U - 6 scrolls of fear
 Y - a scroll of blinking {!r}
Potions
 A - 10 potions of ambrosia
 C - a potion of berserk rage {!q}
 D - 7 potions of brilliance
 E - 3 potions of cancellation
 G - 3 potions of flight
 H - 4 potions of haste
 I - 2 potions of invisibility
 J - a potion of heal wounds
 K - a potion of magic
 N - 2 potions of might
 Q - a potion of mutation {!q}


   Skills:
 + Level 8.6 Fighting
 + Level 8.6 Maces & Flails
 - Level 4.0 Armour
 - Level 8.0 Dodging
 - Level 2.2 Stealth
 * Level 9.0 Shields
 - Level 8.0 Spellcasting
 * Level 13.6 Conjurations
 - Level 8.0 Hexes
 - Level 6.0 Translocations
 - Level 4.0 Transmutations
 + Level 6.8 Fire Magic


You had 5 spell levels left.
You knew the following spells:

 Your Spells              Type           Power      Damage    Failure   Level
a - Magic Dart            Conj           100%       1d8       1%          1
b - Yara's Violent Unrav  Hex/Tmut       36%        3d15      14%         5
c - Fireball              Conj/Fire      46%        3d18      2%          5
q - Sticky Flame          Conj/Fire      93%        2d10      1%          4
s - Searing Ray           Conj           100%       3d7       1%          2
x - Iskenderun's Mystic   Conj/Tloc      91%        2d18      1%          4
z - Fulminant Prism       Conj/Hex       47%        3d21      1%          4

Your spell library contained the following spells:

 Spells                   Type           Power      Damage    Failure   Level
 Beastly Appendage        Tmut           100%       N/A       1%          1
 Corona                   Hex            91%        N/A       1%          1
 Foxfire                  Conj/Fire      100%       2x1d9     1%          1
 Blink                    Tloc           N/A        N/A       1%          2
 Ensorcelled Hibernation  Hex/Ice        100%       N/A       1%          2
 Slow                     Hex            82%        N/A       1%          2
 Wereblood                Tmut           59%        N/A       1%          2
 Confusing Touch          Hex            82%        N/A       1%          3
 Conjure Flame            Conj/Fire      93%        6-21      1%          3
 Dazzling Flash           Conj/Hex       100%       N/A       1%          3
 Gell's Gravitas          Tloc           36%        N/A       1%          3
 Inner Flame              Hex/Fire       79%        N/A       1%          3
 Lesser Beckoning         Tloc           36%        N/A       1%          3
 Portal Projectile        Hex/Tloc       100%       N/A       1%          3
 Teleport Other           Tloc           72%        N/A       1%          3
 Tukima's Dance           Hex            82%        N/A       1%          3
 Cause Fear               Hex            41%        N/A       2%          4
 Summon Guardian Golem    Hex/Summ       59%        N/A       3%          3
 Animate Skeleton         Necr           42%        N/A       6%          1
 Pain                     Necr           84%        1d8       6%          1
 Summon Small Mammal      Summ           84%        N/A       6%          1
 Spider Form              Tmut/Pois      21%        N/A       8%          3
 Call Imp                 Summ           21%        N/A       9%          2
 Leda's Liquefaction      Hex/Erth       29%        N/A       12%         4
 Manifold Assault         Tloc           72%        N/A       14%         5
 Call Canine Familiar     Summ           21%        N/A       19%         3
 Vampiric Draining        Necr           10%        2d7       19%         3
 Ice Form                 Ice/Tmut       43%        N/A       26%         4
 Petrify                  Tmut/Erth      43%        N/A       26%         4
 Hydra Form               Tmut           29%        N/A       32%         5
 Metabolic Englaciation   Hex/Ice        29%        N/A       32%         5
 Animate Dead             Necr           10%        N/A       52%         4
 Summon Ice Beast         Ice/Summ       21%        N/A       52%         4
 Summon Lightning Spire   Summ/Air       21%        N/A       52%         4
 Agony                    Necr           21%        N/A       86%         5
 Borgnjor's Vile Clutch   Necr/Erth      10%        N/A       86%         5
 Death Channel            Necr           10%        N/A       100%        6
 Simulacrum               Ice/Necr       10%        N/A       100%        6


Dungeon Overview and Level Annotations

Branches:
Dungeon (13/15)            Temple (1/1) D:4            Lair (6/6) D:10
  Swamp (0/4) Lair:3       Spider (0/4) Lair:4        Slime (0/5) Lair:6
    Orc (2/2) D:9             Elf (0/3) Orc:2        Vaults (0/5) D:13
Gauntlet (visited)

Shops:
D:2 [([?   D:4 ((:?   D:12 (   Orc:1 *

Annotations:
D:13 Nessos
Lair:1 2 transporters, ma3's ghost, journeyman OpCj
Lair:2 1 runed translucent door, Neix's ghost, journeyman BaSk
Lair:5 1 runed translucent door, Ymidutt's ghost, journeyman GnFi


Innate Abilities, Weirdness & Mutations

Your attributes grow dramatically as you level up.
You have an increased reservoir of magic. (+10% MP)
You shall have no god before yourself.


Message History

An ogre mage comes into view. It is wielding a +0 club.
Your fulminant prism explodes!
The blast of energy engulfs the two-headed ogre!!
The two-headed ogre is severely wounded.
The blast of energy engulfs the two-headed ogre!!
The two-headed ogre is almost dead.
The blast of energy engulfs the ogre!!
You kill the ogre!
The blast of energy engulfs the ogre mage!!
The ogre mage is heavily wounded.
The blast of energy engulfs the two-headed ogre!!
You kill the two-headed ogre!
The blast of energy engulfs the two-headed ogre!!
The two-headed ogre is heavily wounded.
You hear a shout! x4; You hear two shouts!
You hear a shout!
An ogre comes into view. It is wielding a +0 giant club.
The ogre mage casts a spell at something.
The ogre mage points at itself and mumbles some strange words.
The ogre mage flickers and vanishes!
Deactivating autopickup; reactivate with Ctrl-A.
A two-headed ogre comes into view.
It is wielding a +0 giant spiked club and a +0 giant club.
The two-headed ogre shouts in stereo!
An ogre mage comes into view. It is wielding a +0 whip.
You suddenly lose the ability to move!
The two-headed ogre seems to speed up.
The two-headed ogre hits you with a +0 giant spiked club.
The two-headed ogre completely misses you.
The two-headed ogre hits you with a +0 giant spiked club!!
The two-headed ogre completely misses you.
The two-headed ogre hits you with a +0 giant spiked club!!
The two-headed ogre hits you with a +0 giant club!
The two-headed ogre hits you but does no damage.
The two-headed ogre hits you with a +0 giant club!
* * * LOW HITPOINT WARNING * * *
The two-headed ogre hits you with a +0 giant spiked club!!
* * * LOW HITPOINT WARNING * * *
The two-headed ogre hits you with a +0 giant club!!
* * * LOW HITPOINT WARNING * * *
The two-headed ogre hits you with a +0 giant spiked club!
You die...

...................#
..............#....#
..........#....#...# #
##..............#.##.##
#.....<...............
##.........[.)..#....#
#......)...[<)...#...#
............[....##.#####
.>..........@O.......##.##
...........OOO...#.......##
..............O.........#.##
........#.....O.##.........##
#.........................##.
##......#....................
.........O.##........##.
...#....#.#.##......####
.....O............##


You could see 5 two-headed ogres, an ogre mage (wandering) and an ogre (fast).

Vanquished Creatures
  Rupert (D:12)
  Kirke (D:12)
  An orc warlord (Orc:1)
  A dire elephant (Lair:6)
  A minotaur (Gauntlet)
  Snorg (D:13)
  Harold (D:10)
  2 death knights
  4 catoblepae
  A hydra (Lair:3)
  Erolcha (D:12)
  2 centaur warriors (D:12)
  2 ogre magi
  11 two-headed ogres
  Erica (D:8)
  A tengu warrior (D:13)
  17 death yaks
  A deep troll shaman (Lair:6)
  Urug (D:10)
  Nergalle (D:9)
  3 sixfirhies (Gauntlet)
  A phantasmal warrior (D:12)
  A swamp dragon (shapeshifter) (Gauntlet)
  Pikel (D:7)
  An orc knight (Orc:1)
  A deep elf pyromancer (D:13)
  A cyclops (Orc:1)
  4 oklob plants (Lair:6)
  2 ugly things
  A manticore (D:13)
  8 black mambas
  23 elephants
  Maurice (D:10)
  4 centaur zombies
  8 cane toads
  A torpor snail (shapeshifter) (Gauntlet)
  Joseph (D:8)
  An unseen horror (D:9)
  2 freezing wraiths (D:13)
  A gargoyle (D:13)
  A rime drake (Lair:3)
  5 komodo dragons
  A yaktaur (shapeshifter) (D:13)
  2 tengu conjurers (D:13)
  6 trolls
  A polar bear (shapeshifter) (D:13)
  A queen bee (D:13)
  A meliai (shapeshifter) (Gauntlet)
  4 meliai (D:13)
  19 blink frogs
  4 polar bears
  9 slime creatures
  A tarantella (Lair:4)
  2 vampires
  5 wraiths
  2 shadows
  3 wyverns
  52 yaks
  4 hogs (D:12)
  5 water elementals (D:12)
  2 basilisks
  5 vampire mosquitoes
  4 steam dragons
  2 wargs (Orc:1)
  Menkaure (D:5)
  2 acid dragons
  19 water moccasins
  18 orc warriors
  2 black bears
  An ice beast (D:6)
  A necrophage (D:5)
  4 sky beasts (D:8)
  20 wolves
  14 ogres
  4 centaurs
  8 kobold brigands
  3 lemures (D:7)
  8 bullfrogs
  A wyvern zombie (D:7)
  A gnoll sergeant (D:8)
  A scorpion (D:7)
  29 killer bees
  4 electric eels
  2 howler monkeys
  A bullfrog zombie (D:5)
  A hound (D:4)
  10 jellies
  12 orc priests
  Crazy Yiuf (D:7)
  2 bullfrog skeletons
  A gnoll shaman (D:9)
  An iguana (D:6)
  Ijyb (D:3)
  12 orc wizards
  6 hell rats
  A hound skeleton (D:5)
  A howler monkey zombie (D:10)
  Robin (D:3)
  14 gnolls
  A howler monkey skeleton (D:4)
  8 adders
  A river rat (D:10)
  2 white imps
  2 adder skeletons (D:4)
  4 worms
  A dart slug (D:3)
  48 orcs
  16 ball pythons
  12 endoplasms
  3 giant cockroaches
  9 goblins
  9 hobgoblins
  13 jackals
  7 quokkas
  4 bats
  5 frilled lizards
  28 kobolds
  10 rats
  A fulminant prism (Lair:6)
651 creatures vanquished.

Vanquished Creatures (others)
  118 fulminant prisms
  67 fungi
  78 plants
  7 toadstools (D:7)
  15 withered plants (Gauntlet)
285 creatures vanquished.

Grand Total: 936 creatures vanquished

Notes
Turn   | Place    | Note
-------+----------+-------------------------------------------
     0 | D:1      | wakim the Demigod Conjurer began the quest for the Orb.
     0 | D:1      | Reached XP level 1. HP: 14/14 MP: 5/5
   246 | D:1      | Reached XP level 2. HP: 20/20 MP: 4/7
   249 | D:1      | Learned a level 2 spell: Searing Ray
   710 | D:1      | Reached skill level 4 in Conjurations
   879 | D:1      | Reached XP level 3. HP: 26/26 MP: 6/8
  1621 | D:2      | Found Vedop's Magic Scroll Shop.
  1859 | D:2      | Found Haomoele's Armour Shop.
  1877 | D:2      | Reached XP level 4. HP: 26/33 MP: 5/10
  1931 | D:2      | Found Qaawep's Antique Armour Emporium.
  1951 | D:2      | Found Bixi's Antique Weapon Boutique.
  2236 | D:2      | Learned a level 4 spell: Fulminant Prism
  2914 | D:2      | Bought a buckler for 90 gold pieces
  3396 | D:3      | Noticed Robin
  3460 | D:3      | Killed Robin
  3570 | D:3      | Noticed Ijyb
  3588 | D:3      | Killed Ijyb
  3589 | D:3      | Reached skill level 1 in Shields
  3589 | D:3      | Reached XP level 5. HP: 9/38 MP: 0/11
  4044 | D:3      | Reached skill level 5 in Conjurations
  4315 | D:4      | Found a staircase to the Ecumenical Temple.
  4411 | Temple   | Entered the Ecumenical Temple
  4498 | D:4      | Noticed an ogre
  4518 | D:4      | Killed an ogre
  4600 | D:4      | Found Piatar's Magic Scroll Shoppe.
  4629 | D:4      | Reached XP level 6. HP: 42/45 MP: 6/13
  4748 | D:4      | Found Sixtexop's Weapon Shoppe.
  4912 | D:4      | Found Akeol's Antique Weapon Shoppe.
  5003 | D:4      | Found Haos's Book Shop.
  5582 | D:4      | Learned a level 4 spell: Iskenderun's Mystic Blast
  5583 | D:5      | Entered Level 5 of the Dungeon
  5661 | D:5      | Noticed Menkaure
  5663 | D:5      | Killed Menkaure
  5664 | D:5      | Reached skill level 6 in Conjurations
  5725 | D:5      | Reached XP level 7. HP: 50/50 MP: 8/14
  5847 | D:5      | Identified the +5 flail of a Thousand Knives {vorpal, rElec
                  | rF+ Will+}
  6492 | D:6      | Reached skill level 1 in Fighting
  6492 | D:6      | Reached skill level 1 in Maces & Flails
  6994 | D:6      | Identified the +3 scale mail of Cynicism {Fly Will- Int+2}
  6997 | D:6      | Reached skill level 7 in Conjurations
  7084 | D:6      | Reached skill level 1 in Translocations
  7402 | D:2      | Bought a pair of runed gloves for 150 gold pieces
  7529 | D:7      | Reached XP level 8. HP: 59/59 MP: 9/15
  7750 | D:7      | Noticed Pikel
  7761 | D:7      | Killed Pikel
  8324 | D:7      | Found a runed translucent door.
  8325 | D:7      | Noticed Crazy Yiuf
  8331 | D:7      | Killed Crazy Yiuf
  8489 | D:7      | Reached skill level 8 in Conjurations
  8646 | D:7      | Noticed a slime creature
  8648 | D:7      | Noticed a slime creature
  8658 | D:7      | Reached XP level 9. HP: 69/69 MP: 7/16
  9090 | D:8      | Noticed Erica
  9348 | D:8      | Noticed Joseph
  9362 | D:8      | Killed Joseph
  9363 | D:8      | Reached skill level 1 in Hexes
  9548 | D:8      | Reached skill level 5 in Dodging
  9548 | D:8      | Reached skill level 9 in Conjurations
  9977 | D:8      | Noticed a manticore
  9978 | D:8      | Noticed a cyclops
 10078 | D:8      | Reached XP level 10. HP: 76/80 MP: 15/17
 10313 | D:8      | Killed Erica
 10781 | D:9      | Reached skill level 5 in Fighting
 11423 | D:9      | Reached skill level 10 in Conjurations
 11786 | D:9      | Found a staircase to the Orcish Mines.
 12221 | D:10     | Entered Level 10 of the Dungeon
 12221 | D:10     | Noticed a death yak
 12236 | D:9      | Killed a death yak
 12483 | D:10     | Noticed a two-headed ogre
 12623 | D:10     | Found a staircase to the Lair.
 12625 | D:10     | Noticed a death yak
 12634 | D:10     | Noticed a death yak
 12647 | D:9      | Killed a death yak
 12780 | D:10     | Noticed Harold
 12792 | D:10     | Killed Harold
 12793 | D:10     | Reached skill level 5 in Spellcasting
 12793 | D:10     | Reached XP level 11. HP: 89/89 MP: 10/22
 12871 | D:10     | Noticed Nergalle
 12889 | D:9      | Killed Nergalle
 12931 | D:9      | Killed a death yak
 13146 | D:10     | Killed a two-headed ogre
 13149 | D:10     | Reached skill level 1 in Armour
 13272 | D:10     | Reached skill level 11 in Conjurations
 13272 | D:10     | Reached XP level 12. HP: 97/97 MP: 25/25
 13279 | D:10     | Learned a level 5 spell: Yara's Violent Unravelling
 13329 | D:10     | Noticed Urug
 13342 | D:10     | Killed Urug
 14139 | D:10     | Noticed Maurice
 14146 | D:10     | Killed Maurice
 14364 | Lair:1   | Entered Level 1 of the Lair of Beasts
 14805 | Lair:1   | Identified the +8 war axe of Viny Trial by Ordeal {freeze,
                  | Will+ MP-9 Int+3}
 14821 | Lair:1   | Found a transporter.
 14827 | Lair:1   | Noticed ma3's ghost (journeyman OpCj)
 14840 | Lair:1   | Reached skill level 5 in Hexes
 14840 | Lair:1   | Reached skill level 5 in Translocations
 14858 | Lair:1   | Found a transporter.
 15169 | Lair:1   | Learned a level 4 spell: Sticky Flame
 15883 | Lair:2   | Reached skill level 1 in Fire Magic
 15928 | Lair:2   | Reached skill level 1 in Transmutations
 16427 | Lair:2   | Found a runed translucent door.
 16427 | Lair:2   | Noticed Neix's ghost (journeyman BaSk)
 16546 | Lair:2   | Reached XP level 13. HP: 105/105 MP: 14/26
 17359 | Lair:3   | Identified the +6 quarterstaff of the Eternal Warrior
                  | {vorpal, +Blink rPois Dex+4}
 17475 | Lair:3   | Learned a level 5 spell: Fireball
 17696 | Lair:3   | Identified the +1 robe of Gluttony {SInv}
 17988 | Lair:3   | Found a staircase to the Swamp.
 19090 | Lair:4   | Found a hole to the Spider Nest.
 19927 | Lair:5   | Found a runed translucent door.
 19928 | Lair:5   | Noticed Ymidutt's ghost (journeyman GnFi)
 19934 | Lair:5   | Identified the +10 spear of Exchange {flame, +Rage rElec
                  | rC- rN+++}
 20975 | Lair:5   | Reached skill level 5 in Fire Magic
 21612 | Lair:6   | Entered Level 6 of the Lair of Beasts
 21827 | Lair:6   | Reached XP level 14. HP: 84/115 MP: 7/30
 21835 | Lair:6   | Found a gate leading to a gauntlet.
 21846 | Gauntlet | Entered a Gauntlet
 21846 | Gauntlet | Found a transporter.
 21939 | Gauntlet | Found a transporter.
 21952 | Gauntlet | Found a transporter.
 21955 | Gauntlet | Found a transporter.
 21965 | Gauntlet | Found a transporter.
 21985 | Gauntlet | Found a transporter.
 21988 | Gauntlet | Found a transporter.
 21992 | Gauntlet | Found a transporter.
 22019 | Gauntlet | Found a transporter.
 22041 | Gauntlet | Found a transporter.
 22043 | Gauntlet | Found a transporter.
 22051 | Gauntlet | Found a transporter.
 22299 | Gauntlet | Identified the ring "Isutae" {rElec Str+3 Int-4 Dex+6
                  | Slay+5}
 22323 | Gauntlet | Identified the ring "Wepp" {rC++ EV+4 Str-2 Dex+2 Stlth+}
 22403 | Gauntlet | Noticed an azure jelly
 22411 | Gauntlet | Noticed a fenstrider witch
 22411 | Gauntlet | an azure jelly changed into a fenstrider witch
 22413 | Gauntlet | Noticed a sphinx
 22413 | Gauntlet | a fenstrider witch changed into a sphinx
 22414 | Gauntlet | Noticed a fenstrider witch
 22414 | Gauntlet | a sphinx changed into a fenstrider witch
 22420 | Gauntlet | Noticed a fire giant
 22420 | Gauntlet | a fenstrider witch changed into a fire giant
 22422 | Gauntlet | a fire giant changed into an iron troll
 22424 | Gauntlet | Noticed an azure jelly
 22424 | Gauntlet | an iron troll changed into an azure jelly
 22426 | Gauntlet | Noticed a fire giant
 22426 | Gauntlet | an azure jelly changed into a fire giant
 22438 | Gauntlet | Noticed a quicksilver dragon
 22438 | Gauntlet | a fire giant changed into a quicksilver dragon
 22440 | Gauntlet | Noticed a fenstrider witch
 22440 | Gauntlet | a quicksilver dragon changed into a fenstrider witch
 22447 | Gauntlet | Noticed a frost giant
 22447 | Gauntlet | a fenstrider witch changed into a frost giant
 22449 | Gauntlet | Noticed a shadow dragon
 22449 | Gauntlet | a frost giant changed into a shadow dragon
 22450 | Gauntlet | Noticed an acid blob
 22450 | Gauntlet | a shadow dragon changed into an acid blob
 22452 | Gauntlet | Noticed a shadow dragon
 22452 | Gauntlet | an acid blob changed into a shadow dragon
 22453 | Gauntlet | Noticed a fenstrider witch
 22453 | Gauntlet | a shadow dragon changed into a fenstrider witch
 22455 | Gauntlet | a fenstrider witch changed into an iron troll
 22862 | Lair:6   | Reached skill level 12 in Conjurations
 22939 | Lair:6   | Reached skill level 5 in Shields
 23461 | Lair:6   | Found a runed translucent door.
 23466 | Lair:6   | Found a staircase to the Slime Pits.
 23549 | Lair:5   | HP: 5/115 [black mamba (12)]
 25384 | Lair:6   | Identified the +1 leather armour of the Nexus {rN+ Will+}
 25678 | D:11     | Identified the +8 falchion "Upsadd" {pain, rPois}
 25834 | D:11     | Identified a scroll of acquirement
 25834 | D:11     | Acquired a staff of fire
 26447 | D:12     | Noticed Erolcha
 26448 | D:12     | Found a frozen archway.
 26451 | D:12     | Killed Erolcha
 26625 | D:12     | Noticed Kirke
 26880 | D:12     | Killed Kirke
 27326 | D:12     | Noticed Rupert
 27615 | D:12     | Reached skill level 13 in Conjurations
 27906 | D:12     | Found Vehirhua's Weapon Shoppe.
 28090 | D:13     | Noticed Snorg
 28105 | D:12     | Paralysed by Rupert for 5 turns
 28112 | D:12     | Paralysed by Rupert for 3 turns
 28127 | D:12     | Killed Rupert
 28390 | D:13     | Reached XP level 15. HP: 102/121 MP: 11/31
 28970 | D:13     | Noticed Nessos
 29594 | D:13     | Found a gate to the Vaults.
 29722 | D:13     | Killed Snorg
 30535 | Orc:1    | Entered Level 1 of the Orcish Mines
 31408 | Orc:1    | Found Hysohath's General Store.
 31571 | Orc:2    | Entered Level 2 of the Orcish Mines
 31650 | Orc:2    | Found a staircase to the Elven Halls.
 31733 | Orc:2    | Paralysed by something for 7 turns
 31738 | Orc:2    | Mangled by a two-headed ogre

Illustrated notes

Levels and vault maps discovered:
D:1:      minmay_arrival_stone_box, layout_rooms,
          hellmonk_ecumenical_altar_inner_sanctum
D:2:      minmay_skewed_foursquare, layout_basic, serial_shops,
          nicolae_shop_overgrown_old_shop, nicolae_shop_waterfront, shop,
          nicolae_shop_statue_plus
D:3:      kennysheep_six_static_rooms, layout_loops_corners,
          nicolae_elyvilon_peaceful_grove, pf_just_have_faith, uniq_robin,
          uniq_ijyb
D:4:      layout_loops_ring, nicolae_hepliaklqana_hippocampus,
          lemuel_doored_altar, vehumet_crystals, tso_metal_star,
          minmay_temple_entry_nine_rooms, serial_shops, nicolae_shop_stone,
          nicolae_shop_temple_entry_statues_fountains,
          nicolae_shop_window_shopping, shop
D:5:      layout_cave_pools, uniq_menkaure
D:6:      layout_basic, marbit_many_paths
D:7:      cheibrodos_fertilizer, layout_rooms, nicolae_ru_sacrificial_ziggurat,
          nicolae_ashenzari_skybound, uniq_crazy_yiuf_cottage, uniq_pikel
D:8:      layout_loops_ring, grunt_nemelex_the_gamble, lemuel_tele_altar,
          hangedman_misty_isle, uniq_erica, uniq_joseph
D:9:      layout_irregular_city, nicolae_overflow_crystal_walls,
          kennysheep_mini, orc_0_dummy, serial_co_window_serial,
          co_window_corner_a, co_window_of_opportunity_a, co_window_paths_a,
          co_window_of_opportunity_a, co_window_of_opportunity_a,
          co_window_of_opportunity_b, co_window_of_opportunity_c,
          co_window_cross_2, co_window_cross_3, glass_columns_c,
          glass_columns_a, glass_columns_c, glass_columns_a, glass_columns_a
D:10:     layout_irregular_city, dpeg_lair_monsters, lightli_orcish_oven,
          uniq_urug, uniq_nergalle, uniq_harold, uniq_maurice
D:11:     layout_cave_pools
D:12:     layout_basic, serial_shops, shop, portal_ice_cave_entry_pillars_1,
          uniq_kirke, uniq_rupert, uniq_erolcha
D:13:     minmay_sliced_demisemicircle, layout_loops_corners, david_vaults_2,
          special_room [special_room_bee], uniq_snorg, uniq_nessos
Temple:   nicolae_temple_figure_zero
Lair:1:   layout_concentric_octagons, nzn_ghost_randoct
Lair:2:   layout_misc_corridors, special_room, gammafunk_ghost_grave,
          serial_bayou_shore_b, lemuel_fruit_fields
Lair:3:   layout_gridlike, swamp_mist_pool, st_stairs_10
Lair:4:   layout_small_grid, spider_nest_entry_rubble, beast_lair_carwin_9
Lair:5:   layout_layer_cave, ebering_ghost_funeral_grove, beast_lair_carwin_2,
          serial_bayou_shore_b
Lair:6:   grunt_lair_end_beastmaster, layout_small_grid, slime_altar_2,
          gauntlet_entry_generic, st_stairs_10, grunt_megastairs_3,
          serial_bayou_shore_a, minmay_lair_oklob_chamber, lemuel_fruit_fields
Orc:1:    layout_caves, serial_shops, nicolae_shop_crystal,
          okawaru_metal_pillars_1_2
Orc:2:    st_orc_ogre_mass, layout_caves, mines1_david

Skill      XL: |  1  2  3  4  5  6  7  8  9 10 11 12 13 14 15 |
---------------+----------------------------------------------+-----
Stealth        | 2 |  2.2
Dodging        | 2 3 4 5 6 7 8 |  8.0
Spellcasting   | 2 3 5 6 8 |  8.0
Conjurations   | 4 5 6 7 8 9 10 11 13 | 13.6
Shields        | 1 2 3 4 8 9 |  9.0
Fighting       | 1 3 4 5 6 7 8 |  8.6
Maces & Flails | 1 3 4 6 8 |  8.6
Translocations | 1 2 4 5 6 |  6.0
Hexes          | 2 4 5 6 8 |  8.0
Armour         | 3 4 |  4.0
Fire Magic     | 2 5 6 |  6.8
Transmutations | 1 4 |  4.0

Action                   |  1- 3 |  4- 6 |  7- 9 | 10-12 | 13-15 || total
-------------------------+-------+-------+-------+-------+-------++-------
Melee: Short sword       |    47 |     7 |       |       |       ||    54
       Flail             |       |       |    51 |    21 |    83 ||   155
 Cast: Magic Dart        |    68 |    53 |    24 |    21 |    54 ||   220
       Searing Ray       |     8 |    34 |    63 |    92 |   166 ||   363
       Fulminant Prism   |       |       |     3 |    27 |    89 ||   119
       Iskenderun's Myst |       |       |       |     8 |    16 ||    24
       Sticky Flame      |       |       |       |     9 |   115 ||   124
       Fireball          |       |       |       |       |    23 ||    23
       Yara's Violent Un |       |       |       |       |     1 ||     1
Evoke: Wand              |       |       |       |     2 |     5 ||     7
  Use: Scroll            |     2 |     7 |    13 |     5 |     4 ||    31
       Potion            |       |     2 |       |     2 |     4 ||     8
 Stab: Distracted        |       |       |     1 |       |       ||     1
Armor: Robe              |     9 |     3 |    16 |    52 |   153 ||   233
       Steam dragon scal |       |       |    19 |     6 |       ||    25
       Leather armour    |       |       |     1 |       |       ||     1
Dodge: Dodged            |    47 |    16 |    44 |    94 |   419 ||   620
Block: Buckler           |       |     7 |    16 |    29 |    25 ||    77
       Kite shield       |       |       |       |       |   263 ||   263

Table legend: (Time is in decaauts)
 A = Elapsed time spent in this place.
 B = Non-inter-level travel time spent in this place.
 C = Inter-level travel time spent in this place.
 D = Time resting spent in this place.
 E = Time spent auto-exploring this place.
 F = Levels seen in this place.
 G = Mean time per level.
                   A        B        C        D        E       F      G
               +--------+--------+--------+--------+--------+-----+--------+
         Total |  31889 |  30163 |   1726 |   1760 |  22983 |  23 | 1386.5 |
       Dungeon |  19692 |  18454 |   1238 |   1091 |  14294 |  13 | 1514.8 |
        Temple |      1 |      1 |      0 |      0 |      0 |   1 |    1.0 |
          Lair |  10138 |   9672 |    466 |    386 |   7484 |   6 | 1689.7 |
  Orcish Mines |   1095 |   1074 |     21 |    197 |    625 |   2 |  547.5 |
      Gauntlet |    961 |    961 |      0 |     86 |    580 |   1 |  961.0 |
               +--------+--------+--------+--------+--------+-----+--------+

Top non-repeatable levels by time:
  Lair:6: 2330 daAuts
     D:9: 2307 daAuts
  Lair:5: 2249 daAuts
    D:13: 2192 daAuts
     D:3: 2105 daAuts
    D:12: 1928 daAuts
     D:8: 1747 daAuts
    D:10: 1744 daAuts
  Lair:3: 1429 daAuts
  Lair:4: 1404 daAuts
  Lair:1: 1398 daAuts
     D:7: 1376 daAuts
  Lair:2: 1326 daAuts
     D:4: 1323 daAuts
     D:6: 1201 daAuts
